 Dungeon Crawl Stone Soup version 0.14-a0-2785-gb4497b5 (webtiles) character file.

65170 Froboctopus the Conjurer (level 14, -1/66 HPs)
             Began as a Felid Conjurer on Feb 24, 2014.
             Was the Champion of Vehumet.
             Slain by an anaconda (16 damage)
             ... on Level 3 of the Snake Pit on Feb 26, 2014.
             The game lasted 02:53:12 (45842 turns).

Froboctopus the Conjurer (Felid Conjurer)          Turns: 45842, Time: 02:53:12

HP  -1/66        AC  3     Str  4      XL: 14   Next: 60%
MP   2/36        EV 27     Int 22      God: Vehumet [******]
Gold 3701        SH  0     Dex 20      Spells: 12 memorised,  2 levels left
Lives: 0, deaths: 3

rFire  + . .     SeeInvis +     (weapon unavailable)
rCold  + . .     Clarity  .     (armour unavailable)
rNeg   . . .     Conserve .     (shield unavailable)
rPois  .         rCorr    +     (helmet unavailable)
rElec  .         rRot     .     (cloak unavailable)
SustAb . .       Spirit   .     (gloves unavailable)
rMut   .         Warding  .     (boots unavailable)
Saprov . . .     Stasis   .     r - amulet "Udib" {rCorr MR++}
MR     +++++                    x - ring of protection from fire
                                z - ring of protection from magic

@: mildly poisoned, delayed fireball, constricted, quick, almost entirely
resistant to hostile enchantments, quite stealthy
A: paw claws, no armour, no weapons or thrown items, fangs 3, horns 1, thin
skeletal structure 1, see invisible, carnivore 3, speed 1, shaggy fur 3, slow
metabolism 1, jump 3
a: Jump Attack, Renounce Religion, Release Delayed Fireball


You were on level 3 of the Snake Pit.
You worshipped Vehumet.
Vehumet was exalted by your worship.
You were not hungry.

You visited 6 branches of the dungeon, and saw 33 of its levels.
You also visited: Labyrinth and Volcano.

You collected 3953 gold pieces.
You spent 252 gold pieces at shops.

Inventory:

Magical devices
 d - a wand of heal wounds (9)
 g - a wand of heal wounds (0)
 C - a wand of teleportation (5)
 D - a wand of enslavement (19)
Comestibles
 b - 2 meat rations
 s - 2 beef jerkies
 w - a royal jelly
Scrolls
 j - 2 scrolls of blinking
 q - 3 scrolls of teleportation
 v - 2 scrolls of fog
 y - a scroll of amnesia
 A - 6 scrolls of remove curse
 B - 2 scrolls of fear
 F - 2 scrolls of identify
Jewellery
 e - an uncursed ring of ice
 i - an uncursed ring of teleport control
 k - an uncursed ring of sustain abilities
 r - the amulet "Udib" (around neck) {rCorr MR++}
   (You acquired it on level 8 of the Lair of Beasts)

   [amulet of resist corrosion]

   It affects your resistance to hostile enchantments.
 u - an uncursed ring of positive energy
 x - a ring of protection from fire (right paw)
 z - a ring of protection from magic (left paw)
Potions
 a - 5 potions of heal wounds
 c - a potion of resistance
 f - 5 potions of curing
 h - 3 potions of restore abilities
 m - a potion of mutation
 n - a potion of berserk rage
 o - 2 potions of flight
 p - a potion of agility
 t - 3 potions of brilliance
 E - a potion of cure mutation
 G - a potion of lignification
 H - a potion of invisibility
Books
 l - a Necronomicon {highlevel, unknown}

   This book is beyond your current level of understanding.

   Spells                             Type                      Level
   Haunt                              Necromancy/Summoning         7
   Borgnjor's Revivification          Necromancy                   8
   Death's Door                       Charms/Necromancy            8
   Necromutation                      Transmutation/Necromancy     8


   Skills:
 - Level 10.3 Fighting
 - Level 9.8 Dodging
 - Level 2.6 Stealth
 + Level 13.6 Spellcasting
 - Level 14.3 Conjurations
 - Level 8.0 Charms
 - Level 13.4 Fire Magic
 - Level 4.0 Earth Magic


You had 2 spell levels left.
You knew the following spells:

 Your Spells              Type           Power        Failure   Level  Hunger
a - Magic Dart            Conj           ####         0%          1    None
b - Iskenderun's Mystic   Conj           ######..     1%          4    None
c - Iskenderun's Battles  Conj/Chrm      ######..     1%          5    ##.....
d - Shroud of Golubria    Chrm/Tloc      ####......   1%          2    None
e - Blink                 Tloc           N/A          10%         2    None
f - Fireball              Conj/Fire      ######....   1%          5    ##.....
g - Conjure Flame         Conj/Fire      ######..     1%          3    None
h - Sticky Flame          Conj/Fire      ######..     1%          4    None
i - Delayed Fireball      Conj/Fire      N/A          4%          7    ######.
j - Iron Shot             Conj/Erth      ######....   4%          6    #####..
k - Repel Missiles        Chrm/Air       ####..       1%          2    None
l - Swiftness             Chrm/Air       ####....     1%          2    None


Dungeon Overview and Level Annotations

Branches:
Dungeon (16/16)            Temple (1/1) D:4             Orc (4/4) D:9
    Elf (0/3) Orc:3          Lair (8/8) D:10          Swamp (0/5) Lair:4
  Snake (3/5) Lair:5        Slime (1/6) Lair:7       Vaults (0/5) D:14
 Depths (0/6) D:16

Altars:
Ashenzari
Cheibriados
Dithmenos
Elyvilon
Fedhas
Kikubaaqudgha
Makhleb
Nemelex Xobeh
Okawaru
Sif Muna
Trog
Vehumet
Xom
Yredelemnul
Zin
The Shining One
Jiyva

Shops:
D:7 ?   D:13 [   Orc:3 [/(%   Orc:4 !=*[(   Snake:3 !

Portals:
Trove: D:13 (give 16 scrolls of identify)


Innate Abilities, Weirdness & Mutations

You cannot wear armour.
You are incapable of wielding weapons or throwing items.
Your paws have sharp claws.
You have razor-sharp teeth.
You have supernaturally acute eyesight.
You are carnivorous and can eat meat at any time.
You cover ground quickly.
Your thick and shaggy fur keeps you warm (AC +3, rC+).
You have a slow metabolism.
You can jump attack at a long distance.
You have a pair of small horns on your head.
You have a somewhat thin skeletal structure (Dex +2, Stlth).


Message History

The anaconda burns!
Your battlesphere fires!
The barrage of energy hits the anaconda.
The anaconda is heavily wounded.
The anaconda grabs you. The anaconda closely misses you.
The anaconda constricts you. The anaconda barely misses you.
* * * LOW HITPOINT WARNING * * *
The anaconda constricts you.
Unknown command.
Casting: Sticky Flame
Confirm with . or Enter, or press ? or * to list all spells.
Your attempt to break free from the anaconda fails, but you feel that another attempt might succeed.
* * * LOW HITPOINT WARNING * * *
You feel sick.
The anaconda burns!
The anaconda barely misses you.
* * * LOW HITPOINT WARNING * * *
The anaconda constricts you.
You escape the anaconda's grasp.
The anaconda burns!
There is an open door here.
The anaconda burns!
The anaconda grabs you. The anaconda bites you!
You die...

####### #.....#
#.....# . #...*.# ..S
###.....# ..
.....>####.S@....##.#
......ยง.%..#.....'..#
......######[...)####
..[ #.....# . ###'###
#.# #.# #.# ##.######


You could see an anaconda (burning).

Vanquished Creatures
  Asterion (D:16)
  Rupert (Lair:5)
  A spectral weapon (D:16)
  Donald (D:14)
  Aizul (Snake:3)
  An orc warlord (Orc:3)
  Snorg (Lair:6)
  A fire dragon (Lair:8)
  A minotaur (Lab)
  The ghost of Laan the Cleaver, a powerful LOMo of Okawaru (Lair:2)
  An ice dragon (D:16)
  4 naga warriors
  6 hydras
  7 anacondas
  Erica (Orc:4)
  7 naga sharpshooters
  4 orc high priests (Orc:4)
  7 death yaks
  A catoblepas (Lair:4)
  3 centaur warriors
  Nergalle (Orc:3)
  A skeletal warrior (D:14)
  A shock serpent (Snake:2)
  An unseen horror (D:10)
  3 hill giants
  2 naga ritualists (Snake:3)
  Pikel (D:7)
  5 orc knights
  A necromancer (D:16)
  3 mana vipers
  7 orc sorcerers
  A deep elf conjurer (D:16)
  A wolf spider (D:16)
  4 griffons
  An oklob plant (D:14)
  20 black mambas
  3 elephants (Lair:6)
  4 cyclopes
  A moth of wrath (shapeshifter) (D:14)
  6 salamanders
  11 spiny frogs
  8 naga magi
  Psyche (D:9)
  A yaktaur (D:14)
  A centaur zombie (D:15)
  10 komodo dragons
  A minotaur zombie (Lab)
  2 fire drakes
  2 wolf spider simulacra
  A centaur skeleton (D:16)
  A hydra zombie (D:13)
  A polar bear (shapeshifter) (D:14)
  A polar bear (Lair:7)
  7 trolls
  2 two-headed ogres
  10 slime creatures
  11 blink frogs
  A shadow (D:14)
  A hydra skeleton (D:16)
  8 basilisks
  A brown ooze (Slime:1)
  A shark (Lair:1)
  3 toenail golems (Volcano)
  7 wyverns
  A trapdoor spider (D:14)
  31 ugly things
  8 hippogriffs
  A hill giant zombie (D:15)
  34 yaks
  3 wraiths
  4 steam dragons
  6 hungry ghosts
  26 nagas
  22 humans
  14 wolves
  6 vampire mosquitoes
  2 deep elf fighters (D:16)
  Menkaure (D:6)
  2 necrophages
  A soldier ant (D:12)
  4 swamp drakes
  34 orc warriors
  An ice beast (D:7)
  2 mottled dragons
  4 sky beasts
  3 phantoms
  14 porcupines
  13 ogres
  A giant goldfish (Lair:1)
  A boring beetle (Lair:7)
  18 centaurs
  5 big kobolds
  A brain worm (D:16)
  7 crocodiles
  4 wargs
  3 giant slugs
  A yaktaur zombie (D:16)
  3 agate snails
  32 water moccasins
  A komodo dragon zombie (D:12)
  12 giant frogs
  A gnoll sergeant (D:11)
  2 komodo dragon skeletons
  6 killer bees (D:12)
  A naga zombie (D:16)
  A troll zombie (D:12)
  4 troll skeletons
  A vampire bat (Lair:7)
  4 wights (D:16)
  7 crimson imps
  4 electric eels (Lair:1)
  3 goliath beetles
  5 jellies
  A quasit (D:4)
  A big fish (Lair:1)
  A giant frog zombie (D:13)
  12 hounds
  24 orc priests
  2 giant frog skeletons
  A water moccasin skeleton (D:10)
  41 orc wizards
  7 scorpions
  14 worker ants
  A basilisk skeleton (D:12)
  6 iguanas
  A mottled dragon skeleton (D:15)
  A mottled dragon zombie (D:10)
  An ogre skeleton (D:6)
  A mummy (D:6)
  13 gnolls
  46 green rats
  2 orc zombies
  41 adders
  A giant centipede (D:12)
  3 giant mites
  6 worms
  An iguana zombie (D:5)
  An adder skeleton (D:5)
  5 giant eyeballs
  5 giant geckos
  185 orcs
  30 bats
  A bat zombie (D:5)
  9 giant cockroaches
  20 goblins
  19 hobgoblins
  45 jackals
  33 kobolds
  An ooze (D:6)
  2 ball pythons
  A giant gecko skeleton (D:4)
  5 giant newts
  A giant newt skeleton (D:5)
  2 giant spores (D:14)
  A kobold skeleton (D:5)
  A kobold zombie (D:8)
  3 orc skeletons
  22 quokkas
  24 rats
  2 ballistomycetes (D:14)
  3 plants
1225 creatures vanquished.

Vanquished Creatures (others)
  A hydra (D:14)
  A slave (D:7)
  A crocodile (D:15)
  An ogre (D:7)
  A giant frog (D:7)
  A big fish (D:12)
  2 jellies (D:7)
  A hound (D:7)
  A quasit (D:14)
  2 gnolls (D:7)
  An orc (Orc:4)
  3 jackals (D:7)
  A bat (D:7)
  A goblin (Orc:4)
  A rat (D:7)
  4 fungi
  5 plants
28 creatures vanquished.

Grand Total: 1253 creatures vanquished

Notes
Turn   | Place    | Note
--------------------------------------------------------------
     0 | D:1      | Froboctopus, the Felid Conjurer, began the quest for the Orb.
     0 | D:1      | Reached XP level 1. HP: 7/7 MP: 4/4
   383 | D:1      | Reached XP level 2. HP: 11/11 MP: 1/5
   398 | D:1      | Reached skill level 4 in Conjurations
   943 | D:1      | Reached XP level 3. HP: 14/14 MP: 4/8
  2223 | D:2      | Reached XP level 4. HP: 18/18 MP: 6/11
  2466 | D:2      | Learned a level 4 spell: Iskenderun's Mystic Blast
  2713 | D:2      | Reached skill level 5 in Conjurations
  3295 | D:3      | Reached XP level 5. HP: 21/21 MP: 8/14
  3398 | D:3      | Learned a level 5 spell: Iskenderun's Battlesphere
  3726 | D:3      | Reached skill level 1 in Charms
  4222 | D:4      | Noticed an ogre
  4270 | D:4      | Noticed a sky beast
  4274 | D:4      | Killed an ogre
  4274 | D:4      | Reached skill level 6 in Conjurations
  4274 | D:4      | Gained mutation: You are covered in thick fur (AC +2). [growing up]
  4274 | D:4      | Gained mutation: You can jump attack at a medium distance. [growing up]
  4274 | D:4      | Reached XP level 6. HP: 10/24 MP: 1/16
  4509 | D:4      | Noticed a centaur
  4510 | D:4      | Killed a sky beast
  4513 | D:4      | Found a staircase to the Ecumenical Temple.
  4525 | Temple   | Entered the Ecumenical Temple
  4794 | Temple   | Became a worshipper of Vehumet
  5023 | Temple   | Killed by miscasting Iskenderun's Battlesphere
  5024 | Temple   | Reached XP level 5. HP: -2/21 MP: 10/14
  5374 | D:4      | Reached XP level 6. HP: 18/24 MP: 10/16
  5476 | D:4      | Killed a centaur
  5643 | D:4      | Reached skill level 7 in Conjurations
  5790 | D:4      | Found a glowing golden altar of the Shining One.
  5791 | D:4      | Found a blossoming altar of Fedhas.
  5875 | D:5      | Entered Level 5 of the Dungeon
  6094 | D:5      | Acquired Vehumet's first power
  6094 | D:5      | Offered knowledge of Sandblast by Vehumet.
  6166 | D:5      | Reached XP level 7. HP: 19/27 MP: 11/18
  6278 | D:5      | Reached skill level 5 in Charms
  6287 | D:5      | Noticed a yak
  6420 | D:5      | Reached skill level 8 in Conjurations
  7221 | D:5      | Reached XP level 8. HP: 28/31 MP: 11/20
  7314 | D:5      | Learned a level 2 spell: Shroud of Golubria
  7373 | D:5      | Killed a yak
  7373 | D:5      | Reached skill level 9 in Conjurations
  7461 | D:6      | Offered knowledge of Throw Frost by Vehumet.
  7759 | D:6      | Reached skill level 10 in Conjurations
  8109 | D:6      | Noticed Menkaure
  8112 | D:6      | Killed Menkaure
  8112 | D:6      | Reached XP level 9. HP: 27/34 MP: 8/21
  8238 | D:6      | Learned a level 2 spell: Blink
  8996 | D:7      | Noticed Pikel
  9003 | D:7      | Killed Pikel
  9003 | D:7      | Reached skill level 11 in Conjurations
  9084 | D:7      | Found Wadu's Magic Scroll Shoppe.
  9095 | D:7      | Offered knowledge of Inner Flame by Vehumet.
  9209 | D:7      | Paralysed by a giant eyeball for 4 turns
  9423 | D:7      | Acquired Vehumet's second power
 10426 | D:8      | Offered knowledge of Throw Icicle by Vehumet.
 10782 | D:8      | Reached XP level 10. HP: 37/37 MP: 16/22
 10978 | D:8      | Reached skill level 12 in Conjurations
 11829 | D:9      | Acquired Vehumet's third power
 12000 | D:9      | Noticed Psyche
 12007 | D:9      | Killed Psyche
 12057 | D:9      | Offered knowledge of Olgreb's Toxic Radiance by Vehumet.
 12649 | D:9      | Found a staircase to the Orcish Mines.
 12737 | D:10     | Entered Level 10 of the Dungeon
 12954 | D:10     | Noticed a hill giant
 12962 | D:10     | Killed a hill giant
 12986 | D:10     | Found a staircase to the Lair.
 13115 | D:10     | Reached skill level 5 in Spellcasting
 13115 | D:10     | Reached skill level 13 in Conjurations
 13122 | D:10     | Learned a level 5 spell: Fireball
 13174 | D:10     | Noticed an unseen horror
 13179 | D:10     | Killed an unseen horror
 13372 | D:10     | Found a bloodstained altar of Trog.
 13897 | Lair:1   | Entered Level 1 of the Lair of Beasts
 13928 | Lair:1   | Reached XP level 11. HP: 40/40 MP: 13/27
 14244 | Lair:1   | Offered knowledge of Lee's Rapid Deconstruction by Vehumet.
 14390 | Lair:1   | Reached skill level 5 in Fire Magic
 14506 | Lair:1   | Learned a level 3 spell: Conjure Flame
 15514 | Lair:2   | Noticed Laan's ghost (powerful LOMo)
 15817 | Lair:2   | Killed Laan's ghost
 16037 | Lair:2   | Found a glowing silver altar of Zin.
 16318 | Lair:2   | Offered knowledge of Lightning Bolt by Vehumet.
 17059 | Lair:3   | Found a dark tunnel.
 17070 | Volcano  | Entered a volcano
 17733 | Lair:3   | Noticed a death yak
 17756 | Lair:3   | Noticed a death yak
 17808 | Lair:3   | Killed a death yak
 17808 | Lair:3   | Gained mutation: Your thick and shaggy fur keeps you warm (AC +3, rC+). [growing up]
 17808 | Lair:3   | Gained mutation: You can jump attack at a long distance. [growing up]
 17808 | Lair:3   | Reached XP level 12. HP: 44/44 MP: 2/30
 18007 | Lair:3   | Learned a level 4 spell: Sticky Flame
 18126 | Lair:3   | Noticed a death yak
 18129 | Lair:3   | Noticed a death yak
 18133 | Lair:3   | Noticed a death yak
 18134 | Lair:3   | Noticed a death yak
 18134 | Lair:3   | Killed a death yak
 18135 | Lair:3   | Killed a death yak
 18709 | Lair:3   | Killed a death yak
 19144 | Lair:3   | Killed a death yak
 19156 | Lair:3   | Killed a death yak
 19156 | Lair:3   | Reached skill level 10 in Fire Magic
 19166 | Lair:3   | Learned a level 7 spell: Delayed Fireball
 19344 | Lair:4   | Noticed a four-headed hydra
 19351 | Lair:4   | Killed a four-headed hydra
 19863 | Lair:4   | Offered knowledge of Bolt of Draining by Vehumet.
 20212 | Lair:4   | Found a staircase to the Swamp.
 21126 | Lair:5   | Noticed Rupert
 21176 | Lair:5   | Killed Rupert
 21402 | Lair:5   | Reached XP level 13. HP: 47/47 MP: 21/32
 21563 | Lair:5   | Noticed a six-headed hydra
 21569 | Lair:5   | Killed a six-headed hydra
 21970 | Lair:5   | Found a staircase to the Snake Pit.
 22266 | Lair:6   | Noticed Snorg
 22498 | Lair:6   | Found a labyrinth entrance.
 22561 | Lab      | Entered a labyrinth
 23551 | Lair:6   | Killed Snorg
 23969 | Lair:6   | Found an ancient bone altar of Kikubaaqudgha.
 24049 | Lair:6   | Offered knowledge of Iron Shot by Vehumet.
 24564 | Lair:7   | Found a staircase to the Slime Pits.
 24564 | Lair:7   | Found a viscous altar of Jiyva.
 24584 | Lair:7   | Reached skill level 14 in Conjurations
 25395 | Slime:1  | Entered Level 1 of the Pits of Slime
 25488 | Lair:8   | Entered Level 8 of the Lair of Beasts
 25854 | Lair:8   | Reached skill level 10 in Spellcasting
 26088 | Lair:8   | Identified a scroll of acquirement
 26089 | Lair:8   | Got a transparent diamond amulet
 26091 | Lair:8   | Identified the amulet "Udib" {rCorr MR++} (You acquired it on level 8 of the Lair of Beasts)
 27487 | D:11     | Learned a level 6 spell: Iron Shot
 27590 | D:11     | Reached XP level 14. HP: 51/51 MP: 21/35
 27770 | D:11     | Found a sparkling altar of Nemelex Xobeh.
 28484 | D:12     | Reached skill level 1 in Earth Magic
 28491 | D:12     | Offered knowledge of Orb of Destruction by Vehumet.
 28847 | D:12     | Found a white marble altar of Elyvilon.
 29562 | D:13     | Gained mutation: You have a pair of small horns on your head. [potion of beneficial mutation]
 29914 | D:13     | Found Matafree's Antique Armour Shop.
 30042 | D:13     | Found a portal to a secret trove of treasure.
 30112 | D:13     | You fall through a shaft for 3 floors!
 30112 | D:16     | Entered Level 16 of the Dungeon
 30268 | D:15     | Entered Level 15 of the Dungeon
 30426 | D:14     | Reached skill level 1 in Fighting
 31494 | D:14     | Noticed Donald
 31504 | D:14     | Killed Donald
 31512 | D:14     | Reached skill level 5 in Dodging
 31730 | D:14     | Found a gate to the Vaults.
 31983 | D:14     | Reached skill level 5 in Fighting
 32886 | Orc:1    | Entered Level 1 of the Orcish Mines
 33136 | Orc:2    | Offered knowledge of Poison Arrow by Vehumet.
 33276 | Orc:4    | Entered Level 4 of the Orcish Mines
 33276 | Orc:4    | Found Wouthudgh's Distillery.
 33369 | Orc:4    | Bought a potion of degeneration for 26 gold pieces
 33369 | Orc:4    | Bought a potion of strong poison for 26 gold pieces
 33417 | Orc:3    | Found Pnalem's Antique Armour Shoppe.
 33417 | Orc:3    | Found Giutizir's Weapon Emporium.
 33612 | Orc:3    | Found a staircase to the Elven Halls.
 33687 | Orc:3    | Found Mness' Magical Wand Boutique.
 33726 | Orc:3    | Found Bratim's Food Boutique.
 33742 | Orc:3    | Noticed Nergalle
 33829 | Orc:3    | Killed Nergalle
 34487 | Orc:1    | Found a bloodstained altar of Trog.
 35479 | Orc:2    | Offered knowledge of Bolt of Cold by Vehumet.
 35931 | Orc:4    | Noticed an orc warlord
 36772 | Orc:3    | Killed an orc warlord
 36904 | Orc:4    | Reached XP level 15. HP: 66/66 MP: 26/36
 37099 | Orc:4    | Noticed Erica
 37104 | Orc:4    | Killed Erica
 37614 | Orc:4    | Offered knowledge of Lehudib's Crystal Spear by Vehumet.
 37614 | Orc:4    | Offered knowledge of Fire Storm by Vehumet.
 37614 | Orc:4    | Offered knowledge of Shatter by Vehumet.
 37913 | Orc:4    | Found Feobba Pnate's Antique Armour Emporium.
 37932 | Orc:4    | Found Fealeuja's Antique Weapon Emporium.
 37933 | Orc:4    | Found Roliyhocs' General Store.
 37933 | Orc:4    | Found Nietzeok's Jewellery Shoppe.
 38229 | D:15     | Mangled by a hill giant zombie
 38230 | D:15     | Reached XP level 14. HP: -13/63 MP: 7/35
 39377 | D:16     | Reached skill level 10 in Fighting
 40117 | D:16     | Noticed Asterion
 40125 | D:16     | Noticed a spectral weapon
 40134 | D:16     | Killed a spectral weapon
 40136 | D:16     | Killed Asterion
 40924 | D:16     | Found a staircase to the Depths.
 41208 | Snake:1  | Entered Level 1 of the Snake Pit
 42695 | Snake:2  | Reached XP level 15. HP: 69/69 MP: 21/36
 43186 | Snake:2  | Learned a level 2 spell: Repel Missiles
 43189 | Snake:2  | Learned a level 2 spell: Swiftness
 44432 | Snake:3  | Found a basalt altar of Yredelemnul.
 44734 | Snake:3  | Gained mutation: You have a somewhat thin skeletal structure (Dex +2, Stlth). [potion of beneficial mutation]
 44745 | Snake:3  | Found Cesabe's Distillery.
 44769 | Snake:3  | Noticed Aizul
 44801 | Snake:3  | Killed Aizul
 44810 | Snake:3  | Bought 2 potions of heal wounds for 120 gold pieces
 44810 | Snake:3  | Bought a potion of curing for 40 gold pieces
 44810 | Snake:3  | Bought a potion of curing for 40 gold pieces
 45529 | Snake:3  | Slain by a shock serpent
 45530 | Snake:3  | Reached XP level 14. HP: -1/66 MP: 16/36
 45842 | Snake:3  | Slain by an anaconda

Action                   |  1- 3 |  4- 6 |  7- 9 | 10-12 | 13-15 || total
-------------------------+-------+-------+-------+-------+-------++-------
Melee: Unarmed           |    71 |    24 |    25 |    33 |    69 ||   222
 Cast: Magic Dart        |    97 |   239 |   316 |   513 |   955 ||  2120
       Iskenderun's Myst |       |     5 |    33 |   127 |   344 ||   509
       Iskenderun's Batt |       |     3 |     8 |    84 |   270 ||   365
       Blink             |       |       |     1 |     1 |    14 ||    16
       Fireball          |       |       |       |    23 |   117 ||   140
       Shroud of Golubri |       |       |       |     9 |     8 ||    17
       Conjure Flame     |       |       |       |     7 |    12 ||    19
       Sticky Flame      |       |       |       |     5 |    42 ||    47
       Delayed Fireball  |       |       |       |     2 |     7 ||     9
       Iron Shot         |       |       |       |       |    42 ||    42
       Repel Missiles    |       |       |       |       |     2 ||     2
       Swiftness         |       |       |       |       |     2 ||     2
 Abil: Jump Attack       |     3 |     3 |     4 |     1 |    10 ||    21
       Release Delayed F |       |       |       |     1 |     5 ||     6
Evoke: Wand              |       |       |     2 |     4 |    24 ||    30
  Use: Scroll            |       |    14 |     7 |    13 |    23 ||    57
       Potion            |       |     2 |       |     1 |     8 ||    11
